 Dungeon Crawl Stone Soup version 0.31-a0-1074-g0b22e4e0f1 (webtiles) character file.

Game seed: 3991749885121995550

63 Smoke131 the Trooper (level 4, -4/48 HPs)
             Began as an Ogre Gladiator on Dec 6, 2023.
             Succumbed to a kobold's poison
             ... on level 2 of the Dungeon.
             The game lasted 00:03:00 (996 turns).

Smoke131 the Trooper (Ogre Gladiator)                Turns: 996, Time: 00:03:01

Health: -4/48      AC:  3    Str: 20    XL:     4   Next: 10%
Magic:  4/4        EV: 10    Int:  9    God:
Gold:   47         SH:  0    Dex: 10    Spells: 3/3 levels left

rFire   . . .        k - +6 club
rCold   . . .        (no shield)
rNeg    . . .        b - +0 robe
rPois   .            c - +0 hat
rElec   .            (no cloak)
rCorr   .            (gloves unavailable)
SInv    .            (boots unavailable)
Will    .....        (no amulet)
Stlth   +            (no ring)
HPRegen 0.28/turn    (no ring)
MPRegen 0.09/turn

%: no passive effects
@: lethally poisoned (-4 -> -42)
A: large, unfitting armour, tough skin 1
a: no special abilities


You were on level 2 of the Dungeon.
You visited 1 branch of the dungeon, and saw 2 of its levels.

You collected 47 gold pieces.

Inventory:

Hand Weapons
 k - a +6 club (weapon)
Missiles
 a - 4 poisoned darts
 d - 3 throwing nets
 e - a large rock (quivered)
Armour
 b - a +0 robe (worn)
 c - a +0 hat (worn)
Scrolls
 g - a scroll of noise {unknown}
 h - a scroll of identify {unknown}
 l - a scroll of fear {unknown}
Potions
 f - a potion of curing {unknown}
 i - a potion of haste {unknown}
 j - a potion of enlightenment {unknown}


   Skills:
 + Level 3.8 Fighting
 + Level 3.2 Maces & Flails
 + Level 2.7 Throwing
 - Level 3.0 Dodging


You had 3 spell levels left.
You didn't know any spells.
Your spell library contained the following spells:

 Spells                   Type           Power      Damage    Failure   Level
 Tukima's Dance           Hex            0%         N/A       77%         3
 Passage of Golubria      Tloc           0%         N/A       99%         4
 Yara's Violent Unravell  Hex/Tmut       0%         3d3       100%        5


Dungeon Overview and Level Annotations

Branches:
Dungeon (2/15)

Altars:


Innate Abilities, Weirdness & Mutations

You are too large for most types of armour.
You have tough skin. (AC +1)


Message History

You sock the rat!
You kill the rat!
You see here a rat corpse.
You see here a rat corpse.
l - a scroll labelled FEYLEL TAENYSS You now have 47 gold pieces (gained 11).
A kobold comes into view. It is wielding a +4 dagger of venom.
Found a leather armour.
The kobold shouts!
The kobold closely misses you. The kobold completely misses you.
You closely miss the kobold.
The kobold hits you with a +4 dagger of venom.
You are poisoned.
You barely miss the kobold.
You feel very sick. The kobold hits you but does no damage.
You are more poisoned.
You closely miss the kobold.
You feel very sick.
The kobold hits you with a +4 dagger of venom.
You are more poisoned.
You closely miss the kobold.
You feel very sick.
The kobold hits you with a +4 dagger of venom.
You are lethally poisoned!
You completely miss the kobold.
You feel extremely sick. The kobold hits you but does no damage.
You are more poisoned.
You closely miss the kobold.
* * * LOW HITPOINT WARNING * * *
You feel very sick.
The kobold hits you with a +4 dagger of venom.
* * * LOW HITPOINT WARNING * * *
You are more poisoned.
The kobold hits you with a +4 dagger of venom.
* * * LOW HITPOINT WARNING * * *
You closely miss the kobold.
You die...

#### #.[ ### #.# #.#
... #.#####.## ...
#.....K@.####.# ##
#.###.......... ..
#.# #.....###..
#.###.#.......
########.#...#.#.####
.........#.#....... #
########.......####.#
##.#.#### #
#########.#.#


You could see a kobold.

Vanquished Creatures
  Jessica (D:2)
  3 endoplasms (D:1)
  4 giant cockroaches (D:1)
  3 goblins (D:1)
  4 hobgoblins (D:1)
  5 kobolds
  2 quokkas (D:1)
  4 ball pythons
  3 bats
  A frilled lizard (D:1)
  4 rats
34 creatures vanquished.

Notes
Turn   | Place    | Note
-------+----------+-------------------------------------------
     0 | D:1      | Smoke131 the Ogre Gladiator began the quest for the Orb.
     0 | D:1      | Reached XP level 1. HP: 22/22 MP: 1/1
   156 | D:1      | Reached XP level 2. HP: 31/31 MP: 2/2
   307 | D:1      | Reached XP level 3. HP: 16/37 MP: 3/3
   862 | D:2      | Noticed Jessica
   866 | D:2      | Killed Jessica
   867 | D:2      | Reached XP level 4. HP: 48/48 MP: 4/4
   996 | D:2      | Succumbed to a kobold's poison

Illustrated notes

Levels and vault maps discovered:
D:1:      roderic_crop_circles_arrival_small, layout_basic, st_stairs_7
D:2:      layout_loops_ring, ebering_ecumenical_altar_rust, uniq_natasha,
          uniq_jessica

Skill      XL: |  1  2 |
---------------+-------+-----
Fighting       | 3 |  3.8
Maces & Flails | 3 |  3.2
Dodging        | 3 |  3.0
Throwing       | |  2.7

Action                     |  1- 3 |  4- 6 || total
---------------------------+-------+-------++-------
  Melee: Flail             |    75 |       ||    75
         Punch             |     1 |       ||     1
         Club              |       |    11 ||    11
  Throw: Large rock        |     1 |       ||     1
 Armour: Robe              |    47 |     9 ||    56
  Dodge: Dodged            |    54 |     3 ||    57

Table legend: (Time is in decaauts)
 A = Elapsed time spent in this place.
 B = Non-inter-level travel time spent in this place.
 C = Inter-level travel time spent in this place.
 D = Time resting spent in this place.
 E = Time spent auto-exploring this place.
 F = Levels seen in this place.
 G = Mean time per level.
                   A        B        C        D        E       F      G
               +--------+--------+--------+--------+--------+-----+--------+
         Total |   1016 |    898 |    118 |      0 |    601 |   2 |  508.0 |
       Dungeon |   1016 |    898 |    118 |      0 |    601 |   2 |  508.0 |
               +--------+--------+--------+--------+--------+-----+--------+

Top non-repeatable levels by time:
     D:1: 868 daAuts
     D:2: 148 daAuts
